 Dungeon Crawl Stone Soup version 0.28-a0-268-g3f656e82c2 (webtiles) character file.

Game seed: 4077020767977871900

354 frimble the Skirmisher (level 6, -1/53 HPs)
             Began as a Gnoll Wanderer on Aug 29, 2021.
             Killed from afar by Dowan (10 damage)
             ... with a puff of frost
             ... on level 4 of the Dungeon.
             The game lasted 00:07:42 (5005 turns).

frimble the Skirmisher (Gnoll Wanderer)             Turns: 5005, Time: 00:07:42

Health: -1/53      AC:  4    Str: 13    XL:     6   Next: 62%
Magic:  14/14      EV: 10    Int: 14    God:
Gold:   131        SH:  0    Dex:  9    Spells: 15/15 levels left

rFire   . . .      SeeInvis .   i - +0 halberd
rCold   . . .      Faith    .   (shield currently unavailable)
rNeg    . . .      Spirit   .   c - +0 ring mail
rPois   .          Reflect  .   (no helmet)
rElec   .          Harm     .   (no cloak)
rCorr   .          Rampage  .   (no gloves)
Will    .....                   l - +1 pair of boots
Stlth   +.........              (no amulet)
HPRegen 0.17/turn               (no ring)
MPRegen 0.14/turn               (no ring)

@: lit by a corona, corroded, glowing
A: fangs 1, strong nose, distributed training
a: no special abilities


You were on level 4 of the Dungeon.
You visited 1 branch of the dungeon, and saw 4 of its levels.

You collected 173 gold pieces.
You spent 42 gold pieces at shops.

Inventory:

Hand Weapons
 a - a +0 spear
 b - a +0 dagger of speed
 i - a +0 halberd (weapon)
Armour
 c - a +0 ring mail (worn)
 h - a +1 kite shield
 l - a +1 pair of boots (worn)


   Skills:
 + Level 6.8 Fighting
 + Level 2.0 Short Blades
 + Level 2.0 Long Blades
 + Level 2.0 Axes
 + Level 2.0 Maces & Flails
 + Level 2.0 Polearms
 + Level 2.0 Staves
 + Level 2.0 Slings
 + Level 2.0 Bows
 + Level 2.0 Crossbows
 + Level 3.3 Throwing
 + Level 5.0 Armour
 + Level 2.0 Dodging
 + Level 2.0 Stealth
 + Level 3.3 Shields
 + Level 2.0 Unarmed Combat
 + Level 5.4 Spellcasting
 + Level 1.6 Conjurations
 + Level 1.6 Hexes
 + Level 1.6 Summonings
 + Level 2.7 Necromancy
 + Level 1.6 Translocations
 + Level 1.6 Transmutations
 + Level 1.6 Fire Magic
 + Level 1.6 Ice Magic
 + Level 1.6 Air Magic
 + Level 1.6 Earth Magic
 + Level 1.6 Poison Magic
 + Level 2.2 Invocations
 + Level 2.0 Evocations


You had 15 spell levels left.
You didn't know any spells.
Your spell library contained the following spells:

 Spells                   Type           Power      Damage    Failure   Level
 Call Canine Familiar     Summ           8%         N/A       45%         3
 Portal Projectile        Hex/Tloc       16%        N/A       45%         3
 Animate Armour           Summ/Erth      16%        N/A       86%         4
 Leda's Liquefaction      Hex/Erth       4%         N/A       86%         4
 Blade Hands              Tmut           4%         N/A       99%         5
 Iron Shot                Conj/Erth      4%         9d2       100%        6


Dungeon Overview and Level Annotations

Branches:
Dungeon (4/15)
 Temple: D:4-7

Altars:

Shops:
D:3 [[(=*

Annotations:
D:3 Edmund
D:4 Dowan, Duvessa


Innate Abilities, Weirdness & Mutations

You have very sharp teeth.
Your uncanny sense of smell can sniff out nearby items.
Your experience applies equally to all skills.


Message History

Duvessa barely misses you.
You hit Duvessa but do no damage.
Duvessa is moderately wounded.
Duvessa hits you but does no damage. Duvessa hits you with a +0 short sword!
You hit Duvessa.
Duvessa is heavily wounded.
Duvessa hits you with a +0 short sword!
You are too injured to fight recklessly!
You are too injured to fight recklessly!
You hit Duvessa.
Duvessa is heavily wounded.
Duvessa says, "My weaknesses are his strengths!"
Duvessa barely misses you.
You barely miss Duvessa.
Duvessa is heavily wounded.
Dowan shouts!
Duvessa hits you but does no damage. Duvessa barely misses you.
You hit Duvessa.
Duvessa is severely wounded.
Duvessa closely misses you. Dowan gestures at you while chanting.
You are outlined in light.
You barely miss Duvessa.
Duvessa is severely wounded.
Duvessa hits you but does no damage.
Dowan zaps a wand.
The bolt of acid misses you. Duvessa hits you with a +0 short sword!
You hit Duvessa.
Duvessa is severely wounded.
Duvessa hits you with a +0 short sword.
You closely miss Duvessa.
Duvessa is severely wounded.
Duvessa barely misses you.
Dowan zaps a wand.
The bolt of acid hits you! The acid corrodes you!
You hit Duvessa but do no damage.
Duvessa is severely wounded.
Duvessa hits you with a +0 short sword!
* * * LOW HITPOINT WARNING * * *
Dowan gestures at you while chanting. The puff of frost hits you!
You die...

########.#### *,* *,*
##(....#.....##*,* *,*
##.............##,* *,*
#...........)...#,* *,*
#...............#,* *,*
#...............#,* *,*
#............e..#,* *,*
#..............e#,* *,*****
#..............@#,* *,,,,,* **
##.............##,***,,**,*****,
##.....#.....##*,,,,,***,,,**,,
############# *,,**,*****,*,,*
*,,**,**,,,,,,**
****,,**,*,,**,,,,,
*,,,,,**,*,******** *,***,*,,,,*
*****,,,,,,,,***


You could see Duvessa and Dowan.

Vanquished Creatures
  A sky beast (D:3)
  A bullfrog skeleton (D:3)
  A gnoll shaman (D:3)
  A hound skeleton (D:4)
  6 gnolls
  5 adders
  A white imp (D:4)
  2 worms
  4 dart slugs
  5 orcs
  4 bats
  2 endoplasms
  5 giant cockroaches
  3 goblins
  7 hobgoblins
  2 quokkas (D:1)
  5 ball pythons
  4 frilled lizards (D:2)
  7 kobolds
  10 rats
76 creatures vanquished.

Vanquished Creatures (others)
  5 plants (D:3)
5 creatures vanquished.

Grand Total: 81 creatures vanquished

Notes
Turn   | Place    | Note
-------+----------+-------------------------------------------
     0 | D:1      | frimble the Gnoll Wanderer began the quest for the Orb.
     0 | D:1      | frimble set off with the following items: a +0 spear, a +0
                  | kite shield, a +0 ring mail
     0 | D:1      | Reached XP level 1. HP: 23/23 MP: 6/6
   217 | D:1      | Reached XP level 2. HP: 29/29 MP: 7/7
   698 | D:1      | Reached XP level 3. HP: 30/35 MP: 9/9
   765 | D:1      | Reached skill level 5 in Spellcasting
   971 | D:1      | Found a faded altar of an unknown god.
  1182 | D:2      | Reached skill level 1 in Invocations
  1243 | D:2      | Reached skill level 1 in Short Blades
  1243 | D:2      | Reached skill level 1 in Long Blades
  1243 | D:2      | Reached skill level 1 in Axes
  1243 | D:2      | Reached skill level 1 in Maces & Flails
  1243 | D:2      | Reached skill level 1 in Polearms
  1243 | D:2      | Reached skill level 1 in Staves
  1243 | D:2      | Reached skill level 1 in Slings
  1243 | D:2      | Reached skill level 1 in Bows
  1243 | D:2      | Reached skill level 1 in Crossbows
  1243 | D:2      | Reached skill level 1 in Dodging
  1243 | D:2      | Reached skill level 1 in Stealth
  1243 | D:2      | Reached skill level 1 in Unarmed Combat
  1243 | D:2      | Reached skill level 1 in Evocations
  1591 | D:2      | Reached XP level 4. HP: 9/41 MP: 11/11
  2123 | D:2      | Noticed an ogre
  2298 | D:3      | Found Yfiesm's Jewellery Emporium.
  2406 | D:3      | You fall into a shaft and drop 1 floor!
  2414 | D:3      | Found Qaageyje's General Store.
  2416 | D:3      | Bought a potion of lignification for 42 gold pieces
  2535 | D:3      | Reached skill level 1 in Conjurations
  2535 | D:3      | Reached skill level 1 in Hexes
  2535 | D:3      | Reached skill level 1 in Summonings
  2535 | D:3      | Reached skill level 1 in Translocations
  2535 | D:3      | Reached skill level 1 in Transmutations
  2535 | D:3      | Reached skill level 1 in Fire Magic
  2535 | D:3      | Reached skill level 1 in Ice Magic
  2535 | D:3      | Reached skill level 1 in Air Magic
  2535 | D:3      | Reached skill level 1 in Earth Magic
  2535 | D:3      | Reached skill level 1 in Poison Magic
  2812 | D:4      | Noticed Duvessa
  2812 | D:4      | Noticed Dowan
  3033 | D:4      | Reached XP level 5. HP: 24/47 MP: 12/12
  3423 | D:3      | Found Seefiun's Armour Shoppe.
  3510 | D:3      | Noticed a sky beast
  3555 | D:3      | Killed a sky beast
  3556 | D:3      | Reached XP level 6. HP: 20/53 MP: 13/13
  3866 | D:3      | Found Xyofojit's Antique Armour Emporium.
  3970 | D:3      | Found Qutzaf's Antique Weapon Shoppe.
  3977 | D:3      | Reached skill level 5 in Armour
  4357 | D:4      | Noticed Edmund
  5005 | D:4      | Killed from afar by Dowan

Illustrated notes

Levels and vault maps discovered:
D:1:      dpeg_arrival_pits, layout_basic, dilly_ecumenical_altar_fadedgnrine
D:2:      layout_loops_cross, minmay_misc_feat_iff
D:3:      layout_basic, serial_shops, shop, nicolae_shop_overgrown_old_shop,
          nicolae_square_shop, nicolae_lakefront_shop, shop,
          kennysheep_generic_room_10
D:4:      layout_rooms, uniq_edmund, uniq_duvessa

Skill      XL: |  1  2  3  4  5  6 |
---------------+-------------------+-----
Necromancy     | 2 |  2.7
Spellcasting   | 5 |  5.4
Invocations    | 1 2 |  2.2
Short Blades   | 1 2 |  2.0
Long Blades    | 1 2 |  2.0
Axes           | 1 2 |  2.0
Maces & Flails | 1 2 |  2.0
Polearms       | 1 2 |  2.0
Staves         | 1 2 |  2.0
Slings         | 1 2 |  2.0
Bows           | 1 2 |  2.0
Crossbows      | 1 2 |  2.0
Dodging        | 1 2 |  2.0
Stealth        | 1 2 |  2.0
Unarmed Combat | 1 2 |  2.0
Evocations     | 1 2 |  2.0
Conjurations   | 1 |  1.6
Hexes          | 1 |  1.6
Summonings     | 1 |  1.6
Translocations | 1 |  1.6
Transmutations | 1 |  1.6
Fire Magic     | 1 |  1.6
Ice Magic      | 1 |  1.6
Air Magic      | 1 |  1.6
Earth Magic    | 1 |  1.6
Poison Magic   | 1 |  1.6
Throwing       | 3 |  3.3
Shields        | 3 |  3.3
Armour         | 5 |  5.0
Fighting       | |  6.8

Action                   |  1- 3 |  4- 6 || total
-------------------------+-------+-------++-------
Melee: Spear             |   192 |   113 ||   305
       Bite              |    13 |    13 ||    26
       Punch             |     1 |     1 ||     2
       Halberd           |       |   125 ||   125
  Use: Scroll            |     2 |     6 ||     8
       Potion            |       |     7 ||     7
 Stab: Invisible         |       |     1 ||     1
       Sleeping          |       |     1 ||     1
Armor: Ring mail         |    77 |   112 ||   189
       Skin              |       |     7 ||     7
Dodge: Dodged            |    99 |   116 ||   215

Table legend: (Time is in decaauts)
 A = Elapsed time spent in this place.
 B = Non-inter-level travel time spent in this place.
 C = Inter-level travel time spent in this place.
 D = Time resting spent in this place.
 E = Time spent auto-exploring this place.
 F = Levels seen in this place.
 G = Mean time per level.
                   A        B        C        D        E       F      G
               +--------+--------+--------+--------+--------+-----+--------+
         Total |   5078 |   4845 |    233 |    309 |   3392 |   4 | 1269.5 |
       Dungeon |   5078 |   4845 |    233 |    309 |   3392 |   4 | 1269.5 |
               +--------+--------+--------+--------+--------+-----+--------+

Top non-repeatable levels by time:
     D:3: 1848 daAuts
     D:2: 1227 daAuts
     D:1: 1139 daAuts
     D:4: 862 daAuts
